 Dungeon Crawl Stone Soup version 0.23.2-1-ga50397a (webtiles) character file.

Game seed: 2959062017520088029

348 xveg the Vandal (level 6, -3/52 HPs)
             Began as a Minotaur Hunter on May 8, 2019.
             Was a Follower of Okawaru.
             Killed from afar by Blork the orc (6 damage)
             ... with a magic dart
             ... on level 4 of the Dungeon.
             The game lasted 00:05:12 (2184 turns).

xveg the Vandal (Minotaur Hunter)                   Turns: 2184, Time: 00:05:12

Health: -3/52      AC:  6    Str: 17    XL:     6   Next: 33%
Magic:  5/5        EV: 11    Int:  8    God:    Okawaru [*.....]
Gold:   198        SH:  0    Dex: 12    Spells: 5/5 levels left

rFire    . . .     SeeInvis .   b - +0 short sword
rCold    . . .     Gourm    .   (no shield)
rNeg     . . .     Faith    .   e - +0 ring mail
rPois    .         Spirit   .   (helmet restricted)
rElec    .         Reflect  .   (no cloak)
rCorr    .         Harm     .   v - +0 pair of gloves
MR       .....                  (no boots)
Stlth    +.........             (no amulet)
HPRegen  0.17/turn              (no ring)
MPRegen  0.09/turn              (no ring)

@: flying
A: retaliatory headbutt, horns 2
a: Heroism, Renounce Religion


You were on level 4 of the Dungeon.
You worshipped Okawaru.
Okawaru was aware of your devotion.
You were not hungry.

You visited 1 branch of the dungeon, and saw 4 of its levels.

You collected 198 gold pieces.

Inventory:

Hand Weapons
 a - a +1 hunting sling
 b - a +0 short sword (weapon)
Missiles
 g - 47 stones (quivered)
 j - 8 javelins
 s - 68 arrows
 u - 18 bolts
Armour
 c - a +0 leather armour
 e - a +0 ring mail (worn)
 v - a +0 pair of gloves (worn)
 y - a +0 helmet
 A - a +0 cloak
Jewellery
 r - a cursed ring of stealth {unknown}
 B - a +2 ring of protection {unknown}
Scrolls
 h - a scroll of remove curse {unknown}
 k - 2 scrolls of identify {unknown}
 n - 2 scrolls of magic mapping {unknown}
 p - a scroll of immolation {unknown}
 z - a scroll of teleportation {unknown}
Potions
 i - 2 potions of heal wounds {unknown}
 l - a potion of agility {unknown}
 m - a potion of haste {unknown}
 o - 2 potions of invisibility {unknown}
 q - 3 potions of flight
 t - 2 potions of degeneration {unknown}
 w - a potion of magic {unknown}
 x - a potion of might {unknown}
Comestibles
 f - 3 rations


   Skills:
 + Level 3.9 Fighting
 + Level 7.3 Slings
 * Level 2.9 Armour
 + Level 2.2 Dodging
 + Level 1.0 Stealth


You had 5 spell levels left.
You didn't know any spells.
Your spell library was empty.

Dungeon Overview and Level Annotations

Branches:
Dungeon (4/15)
 Temple: D:4-7

Altars:
Ashenzari
Nemelex Xobeh
Okawaru
Zin

Annotations:
D:4 Blork the orc


Innate Abilities, Weirdness & Mutations

You reflexively headbutt those who attack you in melee.
You have a pair of horns on your head.


Message History

b - a +0 short sword (weapon)
You hit something. Something hits you.
* * * LOW HITPOINT WARNING * * *
Something hits you.
* * * LOW HITPOINT WARNING * * *
You barely miss something. Something hits you but does no damage.
You hear some strange, mumbled words.
A puff of flame appears from out of thin air!
The puff of flame hits you.
* * * LOW HITPOINT WARNING * * *
You barely miss something. Something hits you but does no damage.
Something hits you.
* * * LOW HITPOINT WARNING * * *
Unknown command.
It was a potion of flight.
You feel very buoyant.
You fly up into the air.
Something hits you but does no damage.
A magic dart appears from out of thin air!
The magic dart hits you.
You die...

......#..#...).###.....
..#####................#
..##...................##
........................#.
.###........##............
...##.......##............
..........................
.......#....##..##........
..#....##.#.###.@.{(....(.
#.........#..#...#..>...##
#...#.#.........##....(...
#........).............((.
##.......##...#........##.
#..##...####.#.......$..
......##.# .............#
....## #.............>..##
### #.......###....


There were no monsters in sight!

Vanquished Creatures
  A phantom (D:4)
  A crimson imp (D:4)
  2 hounds (D:4)
  An orc wizard (D:4)
  6 adders
  3 oozes
  A worm (D:3)
  3 leopard geckos
  3 orcs (D:4)
  7 bats
  4 giant cockroaches
  9 goblins
  4 hobgoblins
  2 jackals (D:1)
  4 kobolds
  2 quokkas (D:2)
  2 ball pythons
  6 frilled lizards
  6 rats
67 creatures vanquished.

Notes
Turn   | Place    | Note
-------+----------+-------------------------------------------
     0 | D:1      | xveg the Minotaur Hunter began the quest for the Orb.
     0 | D:1      | Reached XP level 1. HP: 18/18 MP: 0/0
    89 | D:1      | Reached XP level 2. HP: 25/25 MP: 1/1
   245 | D:1      | Reached skill level 5 in Slings
   320 | D:1      | Reached skill level 1 in Armour
   560 | D:2      | Found an iron altar of Okawaru.
   564 | D:2      | Reached XP level 3. HP: 30/30 MP: 2/2
   569 | D:2      | Became a worshipper of Warmaster Okawaru
   708 | D:2      | Found a shattered altar of Ashenzari.
   948 | D:2      | Reached XP level 4. HP: 38/38 MP: 3/3
  1155 | D:2      | Found a faded altar of an unknown god.
  1459 | D:3      | Found a glowing silver altar of Zin.
  1714 | D:3      | Reached skill level 6 in Slings
  1896 | D:4      | Noticed a phantom
  1924 | D:4      | Killed a phantom
  1924 | D:4      | Reached * piety under Okawaru
  1924 | D:4      | Reached XP level 5. HP: 46/46 MP: 4/4
  1963 | D:4      | Found a sparkling altar of Nemelex Xobeh.
  2000 | D:4      | Reached skill level 1 in Stealth
  2015 | D:4      | Reached XP level 6. HP: 38/52 MP: 5/5
  2020 | D:4      | Reached skill level 7 in Slings
  2156 | D:4      | Noticed Blork the orc
  2184 | D:4      | Killed from afar by Blork the orc

Skill      XL: |  1  2  3  4  5  6 |
---------------+-------------------+-----
Slings         | 5 6 7 |  7.3
Armour         | 1 2 |  2.9
Fighting       | 3 |  3.9
Stealth        | 1 |  1.0
Dodging        | |  2.2

Action                   |  1- 3 |  4- 6 || total
-------------------------+-------+-------++-------
Melee: Hunting sling     |       |     5 ||     5
       Short sword       |       |     3 ||     3
       Headbutt          |       |     1 ||     1
 Fire: Hunting sling     |    99 |   134 ||   233
  Use: Potion            |       |     1 ||     1
  Eat: Ration            |       |     1 ||     1
Armor: Ring mail         |     7 |    31 ||    38
Dodge: Dodged            |    23 |    23 ||    46
